 Dungeon Crawl Stone Soup version 0.28-a0-811-g00180f5fcc (webtiles) character file.

Game seed: 88096641702933098

606 Decritt the Gusty (level 7, 0/63 HPs)
             Began as a Tengu Air Elementalist on Nov 8, 2021.
             Succumbed to a scorpion's poison
             ... on level 4 of the Dungeon.
             The game lasted 00:18:50 (7801 turns).

Decritt the Gusty (Tengu Air Elementalist)          Turns: 7801, Time: 00:18:50

Health: 0/63       AC: 23    Str:  6 (9)  XL:     7   Next: 42%
Magic:  12/12      EV:  2    Int: 16 (17) God:
Gold:   212        SH:  4    Dex: 12 (14) Spells: 11/12 levels left

rFire   . . .      SeeInvis .   h - +2 whip (drain)
rCold   . . .      Faith    .   q - +0 buckler
rNeg    . . .      Spirit   .   (armour currently unavailable)
rPois   +          Reflect  .   (helmet currently unavailable)
rElec   .          Harm     .   (cloak currently unavailable)
rCorr   .          Rampage  .   (gloves currently unavailable)
Will    .....      NoTele   +   (boots unavailable)
Stlth   ++........              (no amulet)
HPRegen 0.20/turn               (no ring)
MPRegen 0.13/turn               (no ring)

@: lethally poisoned (0 -> -1), tree-form
A: stationary, stasis, torment immunity, boosted hp, (beak), (talons 3), nimble
flight
a: no special abilities


You were on level 4 of the Dungeon.
You were a tree.
You visited 1 branch of the dungeon, and saw 5 of its levels.

You collected 212 gold pieces.

Inventory:

Hand Weapons
 b - a +0 dagger
 f - a +0 short sword
 h - a +2 whip of draining (weapon)
Missiles
 r - 2 throwing nets
 s - 5 silver javelins
 u - 3 boomerangs (quivered)
Armour
 a - a +0 robe
 i - a +0 leather armour (melded)
 k - a +0 pair of gloves (melded)
 q - a +0 buckler (worn)
Magical Staves
 v - a staff of death
Scrolls
 g - 2 scrolls of teleportation
 l - a scroll of enchant weapon {unknown}
 m - a scroll of torment {unknown}
 n - 4 scrolls of identify {unknown}
 t - a scroll of amnesia {unknown}
 w - a scroll of magic mapping {unknown}
Potions
 c - a potion of degeneration
 d - a potion of curing {unknown}
 e - a potion of heal wounds {unknown}
 o - a potion of brilliance {unknown}
 p - a potion of haste {unknown}


   Skills:
 + Level 3.9 Fighting
 - Level 3.4 Dodging
 - Level 2.0 Stealth
 + Level 2.1 Shields
 - Level 3.3 Spellcasting
 - Level 3.0 Conjurations
 + Level 6.7 Air Magic


You had 11 spell levels left.
You knew the following spells:

 Your Spells              Type           Power      Damage    Failure   Level
a - Shock                 Conj/Air       72%        1d7       3%          1

Your spell library contained the following spells:

 Spells                   Type           Power      Damage    Failure   Level
 Static Discharge         Conj/Air       18%        N/A       4%          2
 Swiftness                Air            24%        N/A       4%          3
 Airstrike                Air            12%        N/A       14%         4
 Ensorcelled Hibernation  Hex/Ice        4%         N/A       34%         2
 Conjure Flame            Conj/Fire      7%         6-21      36%         3
 Gell's Gravitas          Tloc           2%         N/A       56%         3
 Ignite Poison            Fire/Tmut/Pois 2%         N/A       56%         3
 Portal Projectile        Hex/Tloc       4%         N/A       56%         3
 Teleport Other           Tloc           2%         N/A       56%         3
 Tukima's Dance           Hex            2%         N/A       56%         3
 Sticky Flame             Conj/Fire      7%         2d3       77%         4
 Summon Ice Beast         Ice/Summ       2%         N/A       93%         4
 Blade Hands              Tmut           1%         N/A       100%        5
 Excruciating Wounds      Necr           1%         N/A       100%        5
 Dispersal                Tloc           1%         N/A       100%        6
 Ozocubu's Refrigeration  Ice            1%         4d5       100%        7
 Polar Vortex             Ice            1%         N/A       100%        9


Dungeon Overview and Level Annotations

Branches:
Dungeon (5/15)
 Temple: D:4-7

Altars:
Cheibriados
The Shining One

Annotations:
D:2 Sigmund


Innate Abilities, Weirdness & Mutations

You are a tree.
Your roots penetrate the ground, keeping you stationary.
You cannot be teleported.
You are immune to unholy pain and torment.
Your maximum health is greatly increased.
Your equipment is partially melded.
((You have a beak for a mouth.))
((You have claws for feet.))
Your magical nature lets you fly swiftly and evasively.


Message History

There is a stone staircase leading down here.
It was a potion of degeneration.
There was something very wrong with that liquid.
You feel weakened.
You feel dopey.
You feel clumsy.
You feel sick. The scorpion barely misses you.
The orc hits you but does no damage.
It was a potion of lignification.
You turn into a tree.
Your +0 pair of gloves melds into your body.
Your +0 leather armour melds into your body.
Your roots penetrate the ground.
You feel sick.
The scorpion stings you but does no damage.
The orc hits you but does no damage.
The scorpion stings you but does no damage.
You hit the orc.
The orc is heavily wounded.
You feel sick. The scorpion stings you!
* * * LOW HITPOINT WARNING * * *
The orc hits you but does no damage.
Unknown command.
You barely miss the orc.
The orc is heavily wounded.
You feel sick.
The scorpion stings you but does no damage.
You block the orc's attack.
The iguana hisses menacingly.
You completely miss the orc.
The orc is heavily wounded.
You feel sick. The scorpion stings you.
* * * LOW HITPOINT WARNING * * *
The orc barely misses you.
The scorpion stings you but does no damage.
Unknown command.
You barely miss the orc.
The orc is moderately wounded.
* * * LOW HITPOINT WARNING * * *
You feel sick. The orc hits you but does no damage.
The scorpion completely misses you.
You hit the orc but do no damage. You drain the orc.
The orc is almost dead.
You die...

####.####...####....#
#..... #.#
#.........##'###..##' #
#.###.#..###..#...###'#.. #
#.....#..# #....⌠.##.##.⌠ #
#########.######...(###...
#
#..............##...###...
#
##'#######.####..#....#(...
# #)......##o#
#..##.......# #
#.......##♣# #...#.<.⌠.>.#
# #####.......##s#
#..##.......# #
#...........##l#
#..#....#.... #
#.##........##.#
##.##...###... #
#.##........##.# #..#....#
#... # #.##........##.#
#..'.⌠.## ##.⌠ #
#(##........##.# #..#...#
#.. # #.##.###....##.#
##.##'## ##+ # #.##.#
#.#####.# #....# #.


You could see a scorpion, an iguana and an orc (drained).

Vanquished Creatures
  2 ice beasts
  An ogre (D:5)
  A gnoll sergeant (D:4)
  A hound (D:4)
  An orc priest (D:3)
  An orc wizard (D:4)
  7 gnolls
  2 adders
  A dart slug (D:4)
  15 orcs
  6 ball pythons
  10 endoplasms
  3 giant cockroaches
  7 hobgoblins
  4 jackals
  7 kobolds
  2 quokkas
  2 bats
  3 frilled lizards
  3 goblins
  12 rats
91 creatures vanquished.

Vanquished Creatures (others)
  49 plants (D:3)
49 creatures vanquished.

Grand Total: 140 creatures vanquished

Notes
Turn   | Place    | Note
-------+----------+-------------------------------------------
     0 | D:1      | Decritt the Tengu Air Elementalist began the quest for the
                  | Orb.
     0 | D:1      | Reached XP level 1. HP: 10/10 MP: 4/4
    94 | D:1      | Found a faded altar of an unknown god.
   194 | D:1      | Reached XP level 2. HP: 13/15 MP: 0/6
  1198 | D:1      | Reached XP level 3. HP: 19/19 MP: 0/8
  1729 | D:2      | Noticed Sigmund
  2761 | D:3      | Reached XP level 4. HP: 20/24 MP: 9/9
  2960 | D:3      | Found a glowing golden altar of the Shining One.
  3149 | D:3      | Found a snail-covered altar of Cheibriados.
  3218 | D:3      | Noticed an ice beast
  3883 | D:3      | Reached skill level 5 in Air Magic
  4393 | D:3      | Gained mutation: Your magical nature lets you fly swiftly
                  | and evasively. [Tengu growth]
  4393 | D:3      | Reached XP level 5. HP: 28/28 MP: 6/10
  4462 | D:3      | Reached skill level 1 in Fighting
  4821 | D:3      | Killed an ice beast
  4822 | D:3      | Reached XP level 6. HP: 36/36 MP: 5/11
  6116 | D:4      | Reached skill level 6 in Air Magic
  6224 | D:4      | Got the Tome of the Snowflakes
  6772 | D:5      | Entered Level 5 of the Dungeon
  6786 | D:5      | Reached skill level 1 in Shields
  6786 | D:5      | Reached XP level 7. HP: 11/41 MP: 3/12
  7799 | D:4      | HP: 1/63 [scorpion (3)]
  7801 | D:4      | Succumbed to a scorpion's poison

Illustrated notes

Levels and vault maps discovered:
D:1:      dpeg_arrival_ratfight, layout_basic, basic_ecumenical_altar,
          minmay_small_reverse_x
D:2:      layout_basic, uniq_sigmund
D:3:      minmay_spotlight, layout_basic, mainiacjoe_overflow_catch_the_wave
D:4:      layout_basic, grunt_ministairs_13, minmay_misc_feat_secret_circle
D:5:      layout_cave_pools, serial_shops, nicolae_square_shop,
          serial_park_tiny_2, item_on_display_b

Skill      XL: |  1  2  3  4  5  6  7 |
---------------+----------------------+-----
Conjurations   | 2 3 |  3.0
Spellcasting   | 3 |  3.3
Air Magic      | 5 6 |  6.7
Fighting       | 2 3 |  3.9
Dodging        | 3 |  3.4
Shields        | 1 2 |  2.1
Stealth        | |  2.0

Action                   |  1- 3 |  4- 6 |  7- 9 || total
-------------------------+-------+-------+-------++-------
Melee: Dagger            |    14 |       |       ||    14
       Kick              |     8 |     4 |     4 ||    16
       Unarmed           |     1 |       |       ||     1
       Short sword       |    10 |       |       ||    10
       Whip              |    13 |    26 |    15 ||    54
       Peck              |     1 |     1 |     1 ||     3
Throw: Throwing net      |       |     3 |       ||     3
 Cast: Shock             |    64 |   160 |    16 ||   240
  Use: Scroll            |     1 |       |       ||     1
       Potion            |       |       |     2 ||     2
Armor: Robe              |     6 |       |       ||     6
       Leather armour    |    10 |     8 |     6 ||    24
       Skin              |       |       |     7 ||     7
Dodge: Dodged            |    26 |    51 |    23 ||   100
Block: Buckler           |       |     2 |     5 ||     7

Table legend: (Time is in decaauts)
 A = Elapsed time spent in this place.
 B = Non-inter-level travel time spent in this place.
 C = Inter-level travel time spent in this place.
 D = Time resting spent in this place.
 E = Time spent auto-exploring this place.
 F = Levels seen in this place.
 G = Mean time per level.
                   A        B        C        D        E       F      G
               +--------+--------+--------+--------+--------+-----+--------+
         Total |   7714 |   7671 |     43 |   3642 |   2632 |   5 | 1542.8 |
       Dungeon |   7714 |   7671 |     43 |   3642 |   2632 |   5 | 1542.8 |
               +--------+--------+--------+--------+--------+-----+--------+

Top non-repeatable levels by time:
     D:3: 2581 daAuts
     D:4: 1847 daAuts
     D:2: 1846 daAuts
     D:1: 1346 daAuts
     D:5: 93 daAuts
